 Dungeon Crawl Stone Soup version 0.24-a0-108-g011bc4b (webtiles) character file.

Game seed: 18072985169850661830

487 galech the Shield-Bearer (level 6, -5/51 HPs)
             Began as a Demonspawn Fighter on Feb 14, 2019.
             Killed from afar by an orc wizard (12 damage)
             ... with a puff of flame
             ... on level 4 of the Dungeon.
             The game lasted 00:03:52 (3066 turns).

galech the Shield-Bearer (Demonspawn Fighter)       Turns: 3066, Time: 00:03:53

Health: -5/51      AC: 15    Str: 22    XL:     6   Next: 89%
Magic:  6/6        EV:  2    Int: 10    God:
Gold:   208        SH: 15    Dex: 13    Spells: 5/5 levels left

rFire    . . .     SeeInvis .   a - +0 war axe
rCold    . . .     Gourm    .   g - +0 large shield
rNeg     . . .     Faith    .   s - +0 plate armour (curse)
rPois    .         Spirit   .   (no helmet)
rElec    .         Reflect  .   (no cloak)
rCorr    .         Harm     .   (no gloves)
MR       .....                  k - +0 pair of boots
Stlth    ..........             (no amulet)
HPRegen  0.17/turn              (no ring)
MPRegen  0.10/turn              (no ring)

@: mighty
A: claws 1, rugged brown scales 3
a: no special abilities


You were on level 4 of the Dungeon.
You were not hungry.

You visited 1 branch of the dungeon, and saw 4 of its levels.

You collected 208 gold pieces.

Inventory:

Hand Weapons
 a - a +0 war axe (weapon)
Armour
 g - a +0 large shield (worn)
 k - a +0 pair of boots (worn)
 s - a cursed +0 plate armour (worn)
Scrolls
 b - 2 scrolls of magic mapping {unknown}
 c - 3 scrolls of identify {unknown}
 e - 2 scrolls of enchant weapon {unknown}
 i - a scroll of immolation {unknown}
 j - 3 scrolls of remove curse {unknown}
 l - 2 scrolls of teleportation {unknown}
 o - a scroll of amnesia {unknown}
 q - a scroll of fear {unknown}
 t - a scroll of enchant armour {unknown}
Potions
 m - 2 potions of curing {unknown}
 n - a potion of flight {unknown}
 p - a potion of agility {unknown}
 r - a potion of invisibility {unknown}
Comestibles
 f - 5 rations


   Skills:
 + Level 3.7 Fighting
 + Level 4.2 Axes
 + Level 3.9 Armour
 + Level 0.5 Dodging
 + Level 4.6 Shields


You had 5 spell levels left.
You didn't know any spells.
Your spell library was empty.

Dungeon Overview and Level Annotations

Branches:
Dungeon (4/15)
 Temple: D:4-7

Altars:
Qazlal
Zin


Innate Abilities, Weirdness & Mutations

You have sharp fingernails.
You are completely covered in rugged brown scales. (AC +3, +7% HP)


Message History

You kill the orc!
The hound bites you.
* * * LOW HITPOINT WARNING * * *
Something hits you but does no damage. You block the hound's attack.
The orc priest completely misses you. You block something's attack.
You slash the orc priest!
You kill the orc priest!
You slash the hound! You barely miss something. You block the hound's attack.
Something hits you but does no damage. You block the hound's attack.
Something hits you but does no damage. The hound bites you but does no damage.
You slash the hound!
You kill the hound!
You slash something!
You hear some strange, mumbled words.
A puff of frost appears from out of thin air!
You block the puff of frost. Something hits you but does no damage.
You hear some strange, mumbled words.
A puff of flame appears from out of thin air!
The puff of flame hits you!
You die...

.....###.......
........................
........#..##)###.......
........................
...........###.##.......
.#.....#.# ##.#########
.........# #.....#
.......))# #.....#
.......@.####.....#
.#..%..[).........#
##...#######.....# ####
#.....# #.....# #######


There were no monsters in sight!

Vanquished Creatures
  Edmund (D:4)
  A howler monkey (D:2)
  A hound (D:4)
  2 orc priests (D:4)
  An orc wizard (D:4)
  A bullfrog skeleton (D:4)
  Jessica (D:3)
  A worker ant (D:2)
  4 gnolls (D:3)
  3 adders
  An ooze (D:2)
  A worm (D:2)
  A dart slug (D:1)
  3 leopard geckos
  7 orcs
  A giant cockroach (D:2)
  6 goblins
  4 hobgoblins
  4 jackals (D:4)
  6 bats
  A frilled lizard (D:1)
  8 kobolds
  6 rats
65 creatures vanquished.

Notes
Turn   | Place    | Note
-------+----------+-------------------------------------------
     0 | D:1      | galech the Demonspawn Fighter began the quest for the Orb.
     0 | D:1      | Reached XP level 1. HP: 18/18 MP: 1/1
   136 | D:1      | Gained mutation: You have sharp fingernails. [demonic
                  | ancestry]
   136 | D:1      | Reached XP level 2. HP: 23/24 MP: 2/2
   752 | D:2      | Gained mutation: You are partially covered in rugged brown
                  | scales. (AC +1, +3% HP) [demonic ancestry]
   752 | D:2      | Reached XP level 3. HP: 21/29 MP: 3/3
   899 | D:2      | Reached XP level 4. HP: 18/36 MP: 4/4
  1179 | D:2      | Found a stormy altar of Qazlal.
  1965 | D:3      | Gained mutation: You are mostly covered in rugged brown
                  | scales. (AC +2, +5% HP) [demonic ancestry]
  1965 | D:3      | Reached XP level 5. HP: 24/43 MP: 5/5
  2280 | D:3      | Noticed Jessica
  2290 | D:3      | Killed Jessica
  2683 | D:4      | Noticed Edmund
  2706 | D:4      | Killed Edmund
  2706 | D:4      | Gained mutation: You are completely covered in rugged brown
                  | scales. (AC +3, +7% HP) [demonic ancestry]
  2706 | D:4      | Reached XP level 6. HP: 28/50 MP: 6/6
  2947 | D:4      | Found a glowing silver altar of Zin.
  3066 | D:4      | Killed from afar by an orc wizard

Levels and vault maps discovered:
D:1:      ebering_trefoil_twist, layout_basic
D:2:      layout_loops_corners, nicolae_qazlal_eye_of_the_storm
D:3:      layout_basic, uniq_jessica
D:4:      layout_rooms, old_standard_altar, first_ration, uniq_edmund,
          uniq_sigmund

Skill      XL: |  1  2  3  4  5  6 |
---------------+-------------------+-----
Axes           | 2 3 4 |  4.2
Armour         | 3 |  3.9
Shields        | 3 4 |  4.6
Fighting       | |  3.7
Dodging        | |  0.5

Action                   |  1- 3 |  4- 6 || total
-------------------------+-------+-------++-------
Melee: War axe           |    65 |   176 ||   241
  Use: Potion            |       |     1 ||     1
  Eat: Chunk             |       |     7 ||     7
Armor: Chain mail        |    49 |    70 ||   119
       Scale mail        |     1 |       ||     1
       Plate armour      |       |    77 ||    77
Dodge: Dodged            |    13 |    21 ||    34
Block: Shield            |    28 |    31 ||    59
       Large shield      |       |   103 ||   103

Table legend:
 A = Non-vault XP
 B = Vault XP
 C = Vault XP percentage of total XP
 D = Non-vault monster count
 E = Vault monster count
 F = Vault count percentage of total count
                 A         B        C        D         E       F
            +---------+---------+-------+---------+---------+-------
      Total |     497 |     199 |  28.6 |      63 |       2 |   3.1
            +---------+---------+-------+---------+---------+-------
        D:1 |      31 |       0 |   0.0 |      18 |       0 |   0.0
        D:2 |     122 |       0 |   0.0 |      18 |       0 |   0.0
        D:3 |      97 |      37 |  27.6 |      12 |       1 |   7.7
        D:4 |     247 |     162 |  39.6 |      15 |       1 |   6.2
            +---------+---------+-------+---------+---------+-------
